 Dungeon Crawl Stone Soup version 0.28.0-53-g5a82cb258f (webtiles) character file.

Game seed: 3833724016313108285

4 styxcanada the Sneak (level 1, -1/10 HPs)
             Began as a Spriggan Brigand on Aug 13, 2022.
             Slain by a kobold
             ... wielding a +0 short sword of speed
              (5 damage)
             ... on level 1 of the Dungeon.
             The game lasted 00:00:42 (134 turns).

styxcanada the Sneak (Spriggan Brigand)              Turns: 134, Time: 00:00:42

Health: -1/10      AC:  3    Str:  7    XL:     1   Next: 58%
Magic:  2/2        EV: 16    Int: 12    God:
Gold:   0          SH:  0    Dex: 16    Spells: 0/0 levels left

rFire   . . .      SeeInvis +   a - +2 dagger
rCold   . . .      Faith    .   (no shield)
rNeg    . . .      Spirit   .   b - +0 robe
rPois   .          Reflect  .   (helmet restricted)
rElec   .          Harm     .   c - +0 cloak
rCorr   .          Rampage  .   (gloves unavailable)
Will    .....                   (boots unavailable)
Stlth   +++.......              (no amulet)
HPRegen 0.03/turn               (no ring)
MPRegen 0.08/turn               (no ring)

@: very quick
A: very small, no large weapons, unfitting armour, see invisible, speed 3
a: no special abilities


You were on level 1 of the Dungeon.
You visited 1 branch of the dungeon, and saw 1 of its levels.

Inventory:

Hand Weapons
 a - a +2 dagger (weapon)
 f - a +0 hunting sling
Missiles
 d - 4 poisoned darts (quivered)
 e - 2 curare-tipped darts
Armour
 b - a +0 robe (worn)
 c - a +0 cloak (worn)


   Skills:
 * Level 1.5 Fighting
 + Level 2.2 Short Blades
 + Level 2.0 Throwing
 * Level 1.4 Dodging
 * Level 6.2 Stealth


You couldn't memorise any spells.
You didn't know any spells.
Your spell library was empty.

Dungeon Overview and Level Annotations

Branches:
Dungeon (1/15)

Altars:


Innate Abilities, Weirdness & Mutations

You are very small and have problems with some larger weapons.
You are too small for most types of armour.
You have supernaturally acute eyesight. (SInv)
You cover ground extremely quickly. (Speed+++)


Message History

You barely miss the kobold. Your punch misses the kobold.
The kobold is moderately wounded.
The kobold misses you. The giant cockroach misses you.
Throw: 8 darts (poison)
Press: ? - help, Q - select action, (/) - cycle Shift-Dir - straight line, f - giant cockroach
Aim: a giant cockroach (60% to hit)
You throw a poisoned dart.
The poisoned dart hits the giant cockroach.
A frilled lizard comes into view.
Throw: 7 darts (poison)
Press: ? - help, Q - select action, (/) - cycle Shift-Dir - straight line, f/p - giant cockroach
Aim: a giant cockroach (60% to hit)
You throw a poisoned dart.
The poisoned dart barely misses the giant cockroach.
The frilled lizard hisses angrily.
The frilled lizard misses you.
Throw: 6 darts (poison)
Press: ? - help, Q - select action, (/) - cycle Shift-Dir - straight line, f/p - giant cockroach
Aim: a giant cockroach (60% to hit)
You throw a poisoned dart.
The poisoned dart hits the giant cockroach.
The giant cockroach is poisoned.
The frilled lizard closely misses you.
You hit the frilled lizard.
You kill the frilled lizard!
The giant cockroach closely misses you.
You kill the giant cockroach!
Throw: 5 darts (poison)
Press: ? - help, Q - select action, (/) - cycle Shift-Dir - straight line, f - kobold
Aim: a kobold, wielding a +0 short sword of speed (moderately wounded, 53% to hit)
You throw a poisoned dart.
The poisoned dart barely misses the kobold.
You closely miss the kobold.
The kobold is moderately wounded.
The kobold hits you with a +0 short sword of speed.
You hit the kobold but do no damage.
The kobold is moderately wounded.
The kobold hits you with a +0 short sword of speed.
Ouch! That really hurt!
You die...

##'##
#.#.#.....(.........#
#...### #.#
######..........#
+...'.#####.#
#.##########
#...#.......# #.#
##+###.###### ###(# #
#.# #...# #
##.####### ###(# #
#......... #.K.#
##+##.######## #@###
#...#.# #...# #...'.#
##### #...### ##'##
#...# '...# #...#
#####


You could see a kobold.

Vanquished Creatures
  2 bats (D:1)
  A giant cockroach (D:1)
  A frilled lizard (D:1)
  A rat (D:1)
5 creatures vanquished.

Notes
Turn   | Place    | Note
-------+----------+-------------------------------------------
     0 | D:1      | styxcanada the Spriggan Brigand began the quest for the
                  | Orb.
     0 | D:1      | Reached XP level 1. HP: 10/10 MP: 2/2
    77 | D:1      | Reached skill level 6 in Stealth
   134 | D:1      | Slain by a kobold

Illustrated notes

Levels and vault maps discovered:
D:1:      co_arrival_random_square_maze, layout_basic,
          dreamdust_ecumenical_altar_angels_and_demons,
          chequers_serial_rivers_room_b

Skill      XL: |  1 |
---------------+----+-----
Stealth        | 6 |  6.2
Fighting       | |  1.5
Short Blades   | |  2.2
Throwing       | |  2.0
Dodging        | |  1.4

Action                   || total
-------------------------++-------
Melee: Dagger            ||    14
Throw: Dart              ||     4
 Stab: Sleeping          ||     2
Armor: Robe              ||     2
Dodge: Dodged            ||     9
